 Dungeon Crawl Stone Soup version 0.29-a0-512-gf59ac788ac (webtiles) character file.

Game seed: 4498025265945508934

7653 kyalle the Fighter (level 10, -7/97 HPs)
             Began as a Minotaur Berserker on May 29, 2022.
             Was a High Priest of Trog.
             Mangled by a troll (13 damage)
             ... on level 1 of the Orcish Mines.
             The game lasted 00:34:11 (9958 turns).

kyalle the Fighter (Minotaur Berserker)             Turns: 9958, Time: 00:34:12

Health: -7/97      AC: 13    Str: 25    XL:     10   Next: 99%
Magic:  9/9        EV: 11    Int:  4    God:    Trog [*****.]
Gold:   436        SH:  3    Dex: 14    Spells: 9/9 levels left

rFire   . . .      SeeInvis .   e - +5 flail (drain)
rCold   + . .      Faith    .   I - +0 buckler
rNeg    . . .      Spirit   .   E - +1 chain mail "Ahelyjak" {rC+ Dex+3}
rPois   .          Reflect  .   (helmet restricted)
rElec   .          Harm     .   (no cloak)
rCorr   +          Rampage  .   m - +0 pair of gloves
Will    .....                   (no boots)
Stlth   ..........              (no amulet)
HPRegen 0.26/turn               h - ring of resist corrosion
MPRegen 0.11/turn               (no ring)

@: on berserk cooldown, slowed, very slow
A: horns 2, retaliatory headbutt, sense surroundings 1
a: Renounce Religion, Berserk, Trog's Hand, Brothers in Arms


You were on level 1 of the Orcish Mines.
You worshipped Trog.
Trog was extremely pleased with you.
You visited 2 branches of the dungeon, and saw 10 of its levels.
You also visited: Ossuary.

You collected 436 gold pieces.

Inventory:

Hand Weapons
 a - a +0 falchion
 e - a +5 flail of draining (weapon)
 i - a +0 war axe of flaming
 H - a +1 vorpal spear
Missiles
 G - a throwing net (quivered)
Armour
 b - a +0 animal skin
 d - a +0 plate armour
 l - the +1 leather armour of Dogmatism {rElec rF+ Str+2}
   (You found it on level 3 of the Dungeon)

   Str:       It affects your strength (+2).
   rF:        It protects you from fire.
   rElec:     It insulates you from electricity.
 m - a +0 pair of gloves (worn)
 E - the +1 chain mail "Ahelyjak" (worn) {rC+ Dex+3}
   (You found it on level 6 of the Dungeon)

   Dex:       It affects your dexterity (+3).
   rC:        It protects you from cold.
 I - a +0 buckler (worn)
Jewellery
 h - a ring of resist corrosion (left hand)
 w - an amulet of guardian spirit
Wands
 p - a wand of flame (14)
 q - a wand of paralysis (17)
 z - a wand of digging (2)
 D - a wand of polymorph (15)
 F - a wand of iceblast (15)
 N - a wand of charming (3)
Scrolls
 g - a scroll of poison
 j - 4 scrolls of teleportation
 r - a scroll of fog
 s - 3 scrolls of identify
 y - a scroll of silence
 K - a scroll of amnesia {unknown}
 M - 2 scrolls of magic mapping
Potions
 c - 10 potions of curing
 f - 3 potions of magic
 k - a potion of haste {unknown}
 n - a potion of brilliance {unknown}
 o - 6 potions of might
 t - 2 potions of lignification
 u - 2 potions of resistance
 v - 2 potions of heal wounds
 x - 2 potions of invisibility {unknown}
 A - 3 potions of ambrosia
 B - a potion of degeneration {unknown}
 C - 2 potions of flight
 J - 2 potions of berserk rage {unknown}
 L - a potion of cancellation {unknown}


   Skills:
 * Level 12.2 Fighting
 - Level 4.8 Long Blades
 - Level 2.9(7.5) Axes
 * Level 10.8(11.0) Maces & Flails
 + Level 8.6 Armour
 + Level 7.7 Dodging


You had 9 spell levels left.
You didn't know any spells.
Your spell library was empty.

Dungeon Overview and Level Annotations

Branches:
Dungeon (9/15)             Temple (0/1) D:4             Orc (1/2) D:9
Ossuary (visited)
   Lair: D:8-11

Altars:
Yredelemnul

Shops:
D:3 *


Innate Abilities, Weirdness & Mutations

You have a pair of horns on your head.
You reflexively headbutt those who attack you in melee.
You passively map a small area around you.


Message History

You headbutt the orc knight, but do no damage.
You block the orc's attack. The orc barely misses you.
The orc knight roars a battlecry!
The orcs go into a battle-frenzy!
You hear a shout!
You feel much better.
You hear a howl!
You block the orc's attack.
An orc wizard comes into view. It is wielding a +0 dagger.
The orc knight hits you with a +0 great sword!!
You hit the orc knight but do no damage.
You headbutt the orc knight!
The orc knight is lightly wounded.
The orc knight barely misses you. The troll barely misses you.
You block the troll's attack. The troll misses you. The orc barely misses you.
The orc closely misses you. The orc warrior closely misses you.
An orc comes into view. It is wielding a +0 whip.
The orc knight hits you with a +0 great sword!!
* * * LOW HITPOINT WARNING * * *
The troll closely misses you. You furiously retaliate!
You headbutt the troll. The troll claws you.
* * * LOW HITPOINT WARNING * * *
The troll closely misses you.
The orc wizard gestures wildly while chanting.
The orc wizard flickers and vanishes!
Deactivating autopickup; reactivate with Ctrl-A.
You closely miss the orc warrior. Your headbutt misses the orc warrior.
A warg comes into view.
You block the orc warrior's attack. The troll barely misses you.
The troll claws you but does no damage. The troll claws you.
* * * LOW HITPOINT WARNING * * *
The orc hits you from afar with a +0 trident.
* * * LOW HITPOINT WARNING * * *
The orc knight hits you but does no damage.
You sock the orc knight! You drain the orc knight. You headbutt the orc knight.
The orc knight is heavily wounded.
An orc warrior comes into view. It is wielding a +1 vorpal battleaxe.
The orc warrior hits you but does no damage.
The troll bites you!
You die...

, ,, , .. , , *
, , *##., , , ,
, ,**##.. , o,
, , ##... *,oh
* #.##...## ,
,.o ,,#......#
* .### * , *
##.)o####ho..#
*
#...))T.o....#*
##.#)@o...##..
* ###..o..##
##...## * #...#
* , * ##.## ,
### * ,


You could see an orc knight (drained), a troll, a warg, 2 orc warriors and 2
orcs.

Vanquished Creatures
  A two-headed ogre (D:9)
  Pikel (D:9)
  2 orc sorcerers (Orc:1)
  An unseen horror (D:9)
  A wyvern (D:8)
  4 wargs
  Edmund (D:4)
  A water moccasin (D:6)
  2 black bears (D:5)
  3 orc warriors
  A hornet zombie (Ossuary)
  An ice beast (D:5)
  5 ogres
  2 centaurs
  4 kobold brigands
  2 necrophages
  5 bullfrogs
  2 gnoll sergeants
  3 wyvern zombies (Ossuary)
  2 water moccasin zombies (Ossuary)
  3 scorpions
  3 howler monkeys
  3 centaur zombies (Ossuary)
  7 bullfrog zombies (Ossuary)
  A jelly (D:7)
  11 orc priests
  4 hounds
  2 gnoll shamans
  5 iguanas
  Jessica (D:2)
  10 orc wizards
  A killer bee zombie (Ossuary)
  15 mummies
  2 howler monkey zombies (Ossuary)
  24 gnolls
  8 adders
  3 shadow imps
  A white imp (D:7)
  An ufetubus (D:6)
  4 dart slugs
  48 orcs
  11 ball pythons
  8 endoplasms
  5 giant cockroaches
  11 goblins
  8 hobgoblins
  5 jackals (D:1)
  31 kobolds
  5 quokkas
  2 bats (D:1)
  4 frilled lizards
  2 hobgoblin zombies (D:6)
  5 rats
298 creatures vanquished.

Vanquished Creatures (others)
  7 withered plants (Ossuary)
7 creatures vanquished.

Grand Total: 305 creatures vanquished

Notes
Turn   | Place    | Note
-------+----------+-------------------------------------------
     0 | D:1      | kyalle the Minotaur Berserker began the quest for the Orb.
     0 | D:1      | Reached XP level 1. HP: 19/19 MP: 0/0
   293 | D:1      | Reached XP level 2. HP: 24/27 MP: 1/1
   298 | D:1      | Reached skill level 4 in Fighting
   569 | D:1      | Reached XP level 3. HP: 30/34 MP: 2/2
   802 | D:1      | Reached ** piety under Trog
  1031 | D:2      | Noticed Jessica
  1057 | D:2      | Killed Jessica
  1058 | D:2      | Reached XP level 4. HP: 36/41 MP: 3/3
  1441 | D:3      | Found Fuqimomo's General Store.
  1595 | D:3      | Reached skill level 5 in Fighting
  1646 | D:3      | Reached XP level 5. HP: 37/48 MP: 4/4
  1912 | D:3      | Reached *** piety under Trog
  1913 | D:3      | Reached skill level 1 in Axes
  1915 | D:3      | Identified the +1 leather armour of Dogmatism {rElec rF+
                  | Str+2}
  2682 | D:4      | Gained mutation: You passively map a small area around you.
                  | [potion of mutation]
  2843 | D:4      | Noticed Edmund
  2860 | D:4      | Killed Edmund
  2861 | D:4      | Reached XP level 6. HP: 40/56 MP: 5/5
  3046 | D:4      | Reached skill level 1 in Maces & Flails
  3100 | D:4      | Reached skill level 6 in Fighting
  3272 | D:4      | Reached XP level 7. HP: 39/64 MP: 6/6
  3430 | D:4      | Found a staircase to the Ecumenical Temple.
  3436 | D:4      | Found a basalt altar of Yredelemnul.
  3886 | D:5      | Entered Level 5 of the Dungeon
  4287 | D:5      | Reached skill level 7 in Fighting
  4368 | D:5      | Reached skill level 5 in Armour
  4373 | D:5      | Reached XP level 8. HP: 62/73 MP: 7/7
  4664 | D:5      | Reached **** piety under Trog
  4705 | D:5      | Reached skill level 5 in Maces & Flails
  4716 | D:5      | Reached skill level 8 in Fighting
  5013 | D:6      | Found a sand-covered staircase.
  5019 | Ossuary  | Entered an ossuary
  5046 | Ossuary  | Reached skill level 5 in Dodging
  5151 | Ossuary  | Reached XP level 9. HP: 42/82 MP: 8/8
  5153 | Ossuary  | Reached skill level 9 in Fighting
  5733 | D:6      | Reached ***** piety under Trog
  6230 | D:6      | Reached skill level 10 in Fighting
  6562 | D:6      | Identified the +1 chain mail "Ahelyjak" {rC+ Dex+3}
  6858 | D:7      | Received a gift from Trog
  7185 | D:7      | HP: 3/86 [orc warrior/+0 trident (15)]
  8036 | D:8      | Reached XP level 10. HP: 77/94 MP: 9/9
  8817 | D:9      | Reached skill level 11 in Fighting
  8833 | D:9      | Noticed Pikel
  8852 | D:9      | Killed Pikel
  9071 | D:9      | Noticed a two-headed ogre
  9088 | D:9      | Killed a two-headed ogre
  9107 | D:9      | Reached skill level 10 in Maces & Flails
  9569 | D:9      | Found a staircase to the Orcish Mines.
  9920 | Orc:1    | Entered Level 1 of the Orcish Mines
  9920 | Orc:1    | Noticed an orc sorcerer
  9928 | Orc:1    | Noticed an orc sorcerer
  9939 | Orc:1    | Killed an orc sorcerer
  9940 | Orc:1    | Reached skill level 12 in Fighting
  9944 | Orc:1    | Killed an orc sorcerer
  9951 | Orc:1    | Noticed an orc knight
  9958 | Orc:1    | Mangled by a troll

Illustrated notes

Levels and vault maps discovered:
D:1:      onia_arrival_pentagram, layout_basic, minmay_tripent
D:2:      layout_rooms, uniq_jessica
D:3:      layout_basic, serial_shops, shop, amcnicky_mini_rare_corridor_liquid
D:4:      layout_loops_ring, yredelemnul_altar_generic,
          minmay_temple_entry_statues_pillars, minmay_liquid_box,
          kennysheep_generic_room_10, uniq_edmund
D:5:      layout_cave_pools
D:6:      layout_rooms, nicolae_ossuary_entry_giza
D:7:      layout_cave_pools, hangedman_decor_points, st_stairs_9,
          roderic_malta_cross, hangedman_decor_peaks_small
D:8:      layout_loops_ring
D:9:      layout_basic, erik_orc_4, uniq_pikel
Orc:1:    layout_diamond_mine, special_room [special_room_orc]

Skill      XL: |  1  2  3  4  5  6  7  8  9 10 |
---------------+-------------------------------+-----
Fighting       | 4 5 6 7 8 10 12 | 12.2
Long Blades    | 4 |  4.8
Armour         | 3 4 5 6 7 8 |  8.6
Axes           | 2 |  2.9
Dodging        | 3 4 5 6 7 |  7.7
Maces & Flails | 2 4 6 8 10 | 10.8

Action                   |  1- 3 |  4- 6 |  7- 9 | 10-12 || total
-------------------------+-------+-------+-------+-------++-------
Melee: Falchion          |    92 |    38 |       |       ||   130
       Headbutt          |     9 |    14 |    68 |    28 ||   119
       Punch             |     1 |     1 |     4 |       ||     6
       War axe           |       |    44 |       |       ||    44
       Flail             |       |    24 |   375 |   148 ||   547
Invok: Berserk           |       |     1 |     1 |     2 ||     4
  Use: Scroll            |       |     7 |    14 |     1 ||    22
       Potion            |       |     1 |     1 |     1 ||     3
Armor: Animal skin       |     8 |       |       |       ||     8
       Plate armour      |    51 |    69 |   218 |       ||   338
       Chain mail        |       |       |    35 |    68 ||   103
Dodge: Dodged            |    78 |    33 |   191 |    75 ||   377
Block: Buckler           |       |       |       |    20 ||    20

Table legend: (Time is in decaauts)
 A = Elapsed time spent in this place.
 B = Non-inter-level travel time spent in this place.
 C = Inter-level travel time spent in this place.
 D = Time resting spent in this place.
 E = Time spent auto-exploring this place.
 F = Levels seen in this place.
 G = Mean time per level.
                   A        B        C        D        E       F      G
               +--------+--------+--------+--------+--------+-----+--------+
         Total |  10077 |   9608 |    469 |    827 |   6352 |  11 |  916.1 |
       Dungeon |   9290 |   8821 |    469 |    822 |   5942 |   9 | 1032.2 |
  Orcish Mines |     34 |     34 |      0 |      0 |      0 |   1 |   34.0 |
       Ossuary |    752 |    752 |      0 |      5 |    410 |   1 |  752.0 |
               +--------+--------+--------+--------+--------+-----+--------+

Top non-repeatable levels by time:
     D:4: 1303 daAuts
     D:3: 1190 daAuts
     D:9: 1177 daAuts
     D:6: 1131 daAuts
     D:7: 1126 daAuts
     D:5: 1081 daAuts
     D:1: 996 daAuts
     D:8: 843 daAuts
 Ossuary: 752 daAuts
     D:2: 440 daAuts
   Orc:1: 34 daAuts
